 Dungeon Crawl Stone Soup version 0.27-a0-1036-g8e1b44f6bd (webtiles) character file.

Game seed: 16673980339453270572

4244 tardwrangler69 the Geomancer (level 10, -19/129 HPs)
             Began as a Green Draconian Earth Elementalist on Apr 18, 2021.
             Was an Initiate of Vehumet.
             Demolished by a two-headed ogre
             ... wielding a +0 giant club
              (30 damage)
             ... on level 9 of the Dungeon.
             The game lasted 00:07:57 (10367 turns).

tardwrangler69 the Geomancer (DrEE)                Turns: 10367, Time: 00:07:58

Health: -19/129    AC: 15    Str: 11    XL:     10   Next: 9%
Magic:  7/20       EV: 12    Int: 19    God:    Vehumet [......]
Gold:   401        SH:  0    Dex: 11    Spells: 14/23 levels left

rFire    . . .     SeeInvis +   h - +0 trident (protect)
rCold    . . .     Faith    .   (no shield)
rNeg     . . .     Spirit   .   (armour unavailable)
rPois    +         Reflect  .   (helmet restricted)
rElec    .         Harm     .   (no cloak)
rCorr    .         Rampage  .   e - +0 pair of gloves
Will     .....                  (no boots)
Stlth    ..........             (no amulet)
HPRegen  0.31/turn              j - ring of see invisible
MPRegen  0.17/turn              (no ring)

@: berserking (expiring), under a protective aura, very quick
A: breathe noxious fumes, AC +7, unfitting armour, poison resistance,
cold-blooded
a: Breathe Noxious Fumes, Renounce Religion


You were on level 9 of the Dungeon.
You worshipped Vehumet.
Vehumet was noncommittal.
You visited 2 branches of the dungeon, and saw 10 of its levels.

You collected 401 gold pieces.

Inventory:

Hand Weapons
 h - a +0 trident of protection (weapon)
Missiles
 b - 141 stones
Armour
 e - a +0 pair of gloves (worn)
Jewellery
 j - a ring of see invisible (left hand)
 r - a ring of fire
Wands
 d - a wand of flame (11)
 o - a wand of acid (18)
 q - a wand of charming (1)
 w - a wand of polymorph (8)
Scrolls
 a - 4 scrolls of identify
 g - 2 scrolls of teleportation
 m - a scroll of magic mapping
 p - a scroll of torment {unknown}
 x - a scroll of amnesia
Potions
 c - 2 potions of lignification
 f - a potion of ambrosia {unknown}
 i - 5 potions of curing
 k - 2 potions of degeneration {unknown}
 l - a potion of brilliance {unknown}
 n - 2 potions of heal wounds {unknown}
 t - 2 potions of mutation
 u - a potion of magic {unknown}
 v - a potion of flight {unknown}
 z - a potion of invisibility {unknown}


   Skills:
 + Level 7.1 Fighting
 - Level 1.7 Dodging
 - Level 1.7 Stealth
 - Level 7.0 Spellcasting
 - Level 7.0 Conjurations
 - Level 1.0 Transmutations
 - Level 8.9 Earth Magic


You had 14 spell levels left.
You knew the following spells:

 Your Spells              Type           Power      Damage    Failure   Level
a - Sandblast             Erth           80%        2d17      1%          1
b - Stone Arrow           Conj/Erth      72%        3d11      1%          3
c - Lee's Rapid Deconstr  Erth           20%        3d13*     7%          5

Your spell library contained the following spells:

 Spells                   Type           Power      Damage    Failure   Level
 Passwall                 Tmut/Erth      20%        N/A       1%          2
 Dazzling Flash           Conj/Hex       38%        N/A       7%          3
 Animate Skeleton         Necr           12%        N/A       10%         1
 Apportation              Tloc           12%        N/A       10%         1
 Corona                   Hex            6%         N/A       10%         1
 Summon Small Mammal      Summ           24%        N/A       10%         1
 Petrify                  Tmut/Erth      25%        N/A       13%         4
 Ensorcelled Hibernation  Hex/Ice        12%        N/A       16%         2
 Confusing Touch          Hex            6%         N/A       30%         3
 Tukima's Dance           Hex            6%         N/A       30%         3
 Chain Lightning          Conj/Air       9%         N/A       100%        8
 Lehudib's Crystal Spear  Conj/Erth      18%        10d5      100%        8
 Absolute Zero            Ice            3%         ∞         100%        9
 Fire Storm               Conj/Fire      9%         8d3       100%        9


Dungeon Overview and Level Annotations

Branches:
Dungeon (9/15)             Temple (1/1) D:7
   Lair: D:8-11         Orc: D:9-12

Altars:
Ashenzari
Cheibriados
Dithmenos
Elyvilon
Fedhas
Gozag
Hepliaklqana
Nemelex Xobeh
Ru
Sif Muna
Trog
Uskayaw
Vehumet
Wu Jian
Xom
Zin
The Shining One


Innate Abilities, Weirdness & Mutations

You can breathe blasts of noxious fumes.
Your lurid green scales are hard. (AC +7)
You cannot fit into any form of body armour.
Your system is resistant to poisons. (rPois)
You are cold-blooded and may be slowed by cold attacks.


Message History

A red film seems to cover your vision as you go berserk!
You feel yourself moving faster!
You feel mighty!
You puncture the moth of wrath!
Your weapon exudes an aura of protection.
The moth of wrath is moderately wounded.
The gnoll barely misses you. The gnoll closely misses you.
The moth of wrath angrily waves its antennae.
The moth of wrath barely misses you.
You barely miss the moth of wrath.
The moth of wrath is moderately wounded.
The gnoll barely misses you.
The moth of wrath goads the gnoll on!
The gnoll goes berserk!
The moth of wrath goads the gnoll on!
The gnoll goes berserk!
The gnoll misses you.
You puncture the moth of wrath!
The moth of wrath is heavily wounded.
The gnoll barely misses you. The moth of wrath bites you. The gnoll misses you.
You barely miss the moth of wrath.
The moth of wrath is heavily wounded.
The gnoll closely misses you. The gnoll hits you with a +0 flail.
The moth of wrath bites you. The gnoll hits you with a +0 flail.
You closely miss the moth of wrath.
Your tail-slap misses the moth of wrath.
The moth of wrath is heavily wounded.
The gnoll hits you with a +0 flail.
The moth of wrath goads the two-headed ogre on!
The two-headed ogre goes berserk!
The gnoll hits you with a +0 flail!
You barely miss the moth of wrath. You tail-slap the moth of wrath!
The moth of wrath is severely wounded.
The gnoll misses you.
The moth of wrath bites you but does no damage.
The two-headed ogre hits you with a +0 giant club!!!
The two-headed ogre hits you with a +0 giant spiked club!!
* * * LOW HITPOINT WARNING * * *
The gnoll barely misses you.
The gnoll rages.
The moth of wrath barely misses you.
You feel a strong urge to attack something.
The moth of wrath barely misses you.
The two-headed ogre hits you with a +0 giant club!!
You die...

............#
......#...###
......##..#
.....#############
##...#...........#
##...'..)........#
######...........#
..#
#...#####...######+##
...# #...#
#..@gg.../..#
.....#...#
#..yO.......#
.....#...#
#..)....†...#
.#####...#
#'#######)).# .#
....# ... ...# .#
..... ..# ## ...= ..#
..?$ .# .#


You could see a two-headed ogre (berserk), a moth of wrath and 2 gnolls.

Vanquished Creatures
  A troll (D:8)
  A hornet (D:7)
  Sigmund (D:5)
  Eustachio (D:5)
  A steam dragon (D:8)
  An acid dragon (D:8)
  2 water moccasins
  A hornet zombie (D:6)
  A black bear (D:5)
  A necrophage (D:8)
  2 ogres
  2 centaurs
  2 phantoms (D:3)
  A kobold brigand (D:9)
  2 gnoll sergeants
  3 bullfrogs
  2 wyvern zombies
  A water moccasin zombie (D:5)
  A wyvern skeleton (D:6)
  4 wights (D:8)
  A howler monkey (D:9)
  8 bullfrog zombies
  4 centaur zombies
  3 hounds
  3 centaur skeletons
  A gnoll shaman (D:6)
  7 bullfrog skeletons
  3 orc priests
  Ijyb (D:4)
  2 iguanas
  3 orc wizards
  A scorpion zombie (D:5)
  A killer bee zombie (D:5)
  A hound skeleton (D:5)
  A howler monkey zombie (D:6)
  4 gnolls
  2 howler monkey skeletons (D:6)
  4 adders
  3 dart slugs
  14 orcs
  7 ball pythons
  2 bats
  6 endoplasms
  5 giant cockroaches
  2 goblins
  7 hobgoblins
  2 jackals (D:1)
  6 quokkas
  3 frilled lizards
  6 kobolds
  2 rats (D:3)
146 creatures vanquished.

Vanquished Creatures (others)
  A plant (D:7)
  A withered plant (D:6)
2 creatures vanquished.

Grand Total: 148 creatures vanquished

Notes
Turn   | Place    | Note
-------+----------+-------------------------------------------
     0 | D:1      | tardwrangler69 the Draconian Earth Elementalist began the
                  | quest for the Orb.
     0 | D:1      | Reached XP level 1. HP: 14/14 MP: 3/3
   312 | D:1      | Reached XP level 2. HP: 20/20 MP: 1/5
  1131 | D:2      | Found a faded altar of an unknown god.
  1387 | D:3      | Reached skill level 4 in Earth Magic
  1387 | D:3      | Reached XP level 3. HP: 7/26 MP: 6/6
  1676 | D:3      | Found a blossoming altar of Fedhas.
  2368 | D:3      | Reached XP level 4. HP: 33/33 MP: 6/8
  3173 | D:4      | Noticed a phantom
  3173 | D:4      | Noticed a phantom
  3184 | D:4      | Noticed Ijyb
  3210 | D:3      | Killed a phantom
  3211 | D:3      | Reached skill level 5 in Earth Magic
  3211 | D:3      | Reached XP level 5. HP: 19/38 MP: 4/10
  3377 | D:3      | Killed a phantom
  3502 | D:4      | Killed Ijyb
  3503 | D:4      | Reached XP level 6. HP: 31/45 MP: 2/11
  3698 | D:4      | Reached skill level 6 in Earth Magic
  4135 | D:5      | Entered Level 5 of the Dungeon
  4258 | D:5      | Your scales start taking on a lurid green colour.
  4258 | D:5      | Reached XP level 7. HP: 46/50 MP: 6/13
  4258 | D:5      | Gained mutation: Your system is resistant to poisons.
                  | (rPois) [Green Draconian growth]
  4473 | D:5      | Reached skill level 7 in Earth Magic
  4702 | D:5      | Found an opulent altar of Gozag.
  4874 | D:5      | Noticed Sigmund
  4889 | D:5      | Killed Sigmund
  4890 | D:5      | Reached skill level 5 in Spellcasting
  5208 | D:5      | Reached skill level 8 in Earth Magic
  5223 | D:5      | Noticed Eustachio
  5228 | D:5      | Killed Eustachio
  5229 | D:5      | Reached XP level 8. HP: 45/57 MP: 11/16
  5349 | D:5      | Found a shimmering blue altar of Sif Muna.
  5814 | D:6      | Found a bloodstained altar of Trog.
  5901 | D:6      | Learned a level 3 spell: Stone Arrow
  5907 | D:6      | Learned a level 5 spell: Lee's Rapid Deconstruction
  5922 | D:6      | Reached skill level 1 in Conjurations
  6333 | D:6      | Found a shadowy altar of Dithmenos.
  6816 | D:6      | Reached XP level 9. HP: 62/62 MP: 10/18
  7066 | D:6      | Reached skill level 5 in Conjurations
  7200 | D:6      | Found a sparkling altar of Nemelex Xobeh.
  7742 | D:7      | Found a staircase to the Ecumenical Temple.
  7876 | Temple   | Entered the Ecumenical Temple
  8057 | Temple   | Became a worshipper of Vehumet
  8084 | D:7      | Found a faded altar of an unknown god.
  8086 | D:7      | Found a faded altar of an unknown god.
  8088 | D:7      | Found a hazy altar of Hepliaklqana.
  8434 | D:7      | Found a glowing golden altar of the Shining One.
  8651 | D:8      | Noticed a troll
  8848 | D:8      | Killed a troll
  8873 | D:8      | Reached skill level 5 in Fighting
  9494 | D:8      | Reached XP level 10. HP: 74/84 MP: 17/20
 10357 | D:9      | Noticed a moth of wrath
 10357 | D:9      | Noticed a two-headed ogre
 10367 | D:9      | Demolished by a two-headed ogre

Illustrated notes

Levels and vault maps discovered:
D:1:      dpeg_arrival_rooms_b, layout_basic
D:2:      layout_basic, basic_ecumenical_altar
D:3:      layout_loops_corners, fedhas_altar_3, serial_bayou_ford_a,
          serial_bayou_lagoon_a, hangedman_decor_diamond_cutter
D:4:      layout_cave_pools, minmay_misc_feat_chi, minmay_bisected, uniq_ijyb
D:5:      layout_rooms, amcnicky_altar_gilded, lemuel_blue_sif_altar,
          serial_bayou_lake_a, uniq_eustachio, uniq_sigmund
D:6:      minmay_evil_eye, layout_basic, old_standard_altar,
          grunt_dithmenos_smoke_and_mirrors, kennysheep_mini, serial_undead,
          serial_undead_c, serial_undead_a, serial_undead_f, serial_undead_d,
          serial_undead_c, serial_undead_c, serial_undead_a, serial_undead_c
D:7:      layout_loops_ring, general_overflow_altar,
          nicolae_hepliaklqana_ecumenical_no_more,
          minmay_temple_entry_stoned_glass
D:8:      layout_basic, minmay_diced_spiral
D:9:      kennysheep_blocky_room, layout_cave_pools, bloody_makhleb,
          david_lair_shrubbed, serial_shops, shop
Temple:   compressed_dpeg_triangle_lava_temple

Skill      XL: |  1  2  3  4  5  6  7  8  9 10 |
---------------+-------------------------------+-----
Earth Magic    | 4 5 6 8 |  8.9
Spellcasting   | 3 4 5 6 7 |  7.0
Conjurations   | 4 7 |  7.0
Fighting       | 6 7 |  7.1
Dodging        | |  1.7
Stealth        | |  1.7
Transmutations | |  1.0

Action                   |  1- 3 |  4- 6 |  7- 9 | 10-12 || total
-------------------------+-------+-------+-------+-------++-------
Melee: Unarmed           |     6 |       |       |       ||     6
       Tailslap          |     7 |     3 |    24 |     1 ||    35
       Dagger            |    70 |    33 |   143 |       ||   246
       Trident           |       |       |    10 |    13 ||    23
 Cast: Sandblast         |    26 |    53 |   116 |     8 ||   203
       Stone Arrow       |       |       |    36 |     8 ||    44
 Abil: Breathe Noxious F |       |       |     1 |       ||     1
  Use: Potion            |     2 |       |       |       ||     2
       Scroll            |       |       |     8 |       ||     8
 Stab: Sleeping          |     5 |     1 |     1 |       ||     7
Armor: Skin              |    41 |    25 |    94 |     6 ||   166
Dodge: Dodged            |    58 |    46 |   151 |    21 ||   276

Table legend: (Time is in decaauts)
 A = Elapsed time spent in this place.
 B = Non-inter-level travel time spent in this place.
 C = Inter-level travel time spent in this place.
 D = Time resting spent in this place.
 E = Time spent auto-exploring this place.
 F = Levels seen in this place.
 G = Mean time per level.
                   A        B        C        D        E       F      G
               +--------+--------+--------+--------+--------+-----+--------+
         Total |  10411 |   9999 |    412 |     10 |   8882 |  10 | 1041.1 |
       Dungeon |  10220 |   9832 |    388 |     10 |   8719 |   9 | 1135.6 |
        Temple |    191 |    168 |     23 |      0 |    163 |   1 |  191.0 |
               +--------+--------+--------+--------+--------+-----+--------+

Top non-repeatable levels by time:
     D:3: 1904 daAuts
     D:6: 1868 daAuts
     D:8: 1423 daAuts
     D:5: 1374 daAuts
     D:7: 1291 daAuts
     D:1: 1058 daAuts
     D:4: 909 daAuts
     D:2: 278 daAuts
  Temple: 191 daAuts
     D:9: 110 daAuts
